 Dungeon Crawl Stone Soup version 0.24.0-123-gd5b16e6ec5 (webtiles) character file.

Game seed: 15315013459101753156, levelgen mode: deterministic

455 SunGod the Chopper (level 7, 0/61 HPs)
             Began as a Hill Orc Fighter on Jan 19, 2020.
             Was a Follower of Beogh.
             Slain by Duvessa
             ... wielding a +0 short sword
              (5 damage)
             ... on level 4 of the Dungeon.
             The game lasted 00:10:25 (3613 turns).

SunGod the Chopper (Hill Orc Fighter)               Turns: 3613, Time: 00:10:26

Health: 0/61       AC:  9    Str: 19    XL:     7   Next: 5%
Magic:  7/7        EV:  6    Int: 10    God:    Beogh [*.....]
Gold:   183        SH:  9    Dex: 10    Spells: 6/6 levels left

rFire    + . .     SeeInvis .   a - +1 war axe
rCold    + . .     Gourm    .   c - +0 shield
rNeg     . . .     Faith    .   k - +0 chain mail
rPois    .         Spirit   .   (no helmet)
rElec    .         Reflect  .   b - scarf {rC+ rF+}
rCorr    .         Harm     .   (no gloves)
MR       .....                  (no boots)
Stlth    ..........             (no amulet)
HPRegen  0.20/turn              m - ring of stealth
MPRegen  0.10/turn              (no ring)

@: lightly drained
A: no striking features
a: Renounce Religion


You were on level 4 of the Dungeon.
You worshipped Beogh.
Beogh was aware of your devotion.
You were hungry.

You visited 1 branch of the dungeon, and saw 4 of its levels.

You collected 183 gold pieces.

Inventory:

Hand Weapons
 a - a +1 war axe (weapon)
Armour
 b - a scarf of resistance (worn)
 c - a +0 shield (worn)
 k - a +0 chain mail (worn)
Jewellery
 m - a ring of stealth (left hand)
 t - an uncursed amulet of harm
Wands
 q - a wand of flame (12)
Scrolls
 j - a scroll of noise {unknown}
 l - 3 scrolls of teleportation
 n - a scroll of fear
Potions
 d - a potion of might
 e - a potion of curing
 g - a potion of resistance
 h - a potion of heal wounds
 i - a potion of ambrosia
 o - 2 potions of agility
 p - a potion of haste
Comestibles
 f - 6 rations


   Skills:
 + Level 5.0(4.7) Fighting
 * Level 5.9(5.6) Axes
 + Level 4.6(4.3) Armour
 + Level 2.0(1.8) Dodging
 + Level 4.5(4.2) Shields


You had 6 spell levels left.
You didn't know any spells.
Your spell library was empty.

Dungeon Overview and Level Annotations

Branches:
Dungeon (4/15)             Temple (0/1) D:4

Altars:

Annotations:
D:4 Duvessa


Message History

You block Duvessa's attack. Duvessa barely misses you.
You hit Duvessa but do no damage.
Duvessa is heavily wounded.
Duvessa hits you with a +0 short sword!
* * * LOW HITPOINT WARNING * * *
You block Duvessa's attack.
You barely miss Duvessa.
Duvessa is heavily wounded.
Duvessa hits you with a +0 short sword!
* * * LOW HITPOINT WARNING * * *
You hit Duvessa but do no damage.
Duvessa is heavily wounded.
Duvessa hits you but does no damage. You block Duvessa's attack.
Your shield and chain mail prevent you from hitting Duvessa.
Duvessa is heavily wounded.
You block Duvessa's attack. Duvessa hits you but does no damage.
You hit Duvessa.
Duvessa is heavily wounded.
Duvessa hits you with a +0 short sword.
You die...

.#.######## .##.#.....####
..#.......... #...........
..#........ .##.#.....# ### ###
.#.##.....####+####.####.####
.#.#.............e.(........#
.#.#............@)..(((.....#
...#...................(....#
..##....................(...#
.###.......................######
.#######'#####...##...####'##....
..# #.......############...##....
#.##+........# #...e......
#..##........# #..........
.####........# #..........


You could see Duvessa (berserk).

Vanquished Creatures
  An ogre (D:4)
  Dowan (D:4)
  A hound (D:4)
  An orc priest (D:3)
  2 iguanas (D:4)
  Jessica (D:3)
  2 worker ants (D:4)
  Robin (D:3)
  3 adders
  2 worms
  3 dart slugs
  4 leopard geckos
  4 orcs (D:3)
  4 giant cockroaches
  12 goblins
  16 hobgoblins
  2 jackals (D:3)
  8 kobolds
  A quokka (D:3)
  3 bats
  15 frilled lizards
  A jackal skeleton (D:4)
  A quokka skeleton (D:2)
  6 rats
95 creatures vanquished.

Vanquished Creatures (others)
  An adder (D:3)
  An orc (D:3)
  2 bats (D:3)
  A goblin (D:3)
  A hobgoblin (D:3)
  A frilled lizard (D:3)
  A rat (D:3)
8 creatures vanquished.

Grand Total: 103 creatures vanquished

Notes
Turn   | Place    | Note
-------+----------+-------------------------------------------
     0 | D:1      | SunGod the Hill Orc Fighter began the quest for the Orb.
     0 | D:1      | Reached XP level 1. HP: 19/19 MP: 1/1
     6 | D:1      | Noticed a polar bear
     6 | D:1      | Noticed an anaconda
     6 | D:1      | Noticed a hound
     6 | D:1      | Noticed a wyvern
   129 | D:1      | Reached XP level 2. HP: 27/27 MP: 2/2
   440 | D:1      | Reached XP level 3. HP: 33/33 MP: 3/3
  1176 | D:2      | Reached XP level 4. HP: 40/40 MP: 4/4
  1347 | D:3      | Became a worshipper of Beogh the Brigand
  1359 | D:3      | Reached skill level 1 in Dodging
  1386 | D:3      | HP: 2/40 [poisoned by an adder]
  1681 | D:3      | Noticed Robin
  1702 | D:3      | Reached XP level 5. HP: 36/46 MP: 5/5
  1743 | D:3      | Killed Robin
  1958 | D:3      | Reached * piety under Beogh
  2203 | D:3      | Noticed Jessica
  2212 | D:3      | Killed Jessica
  2428 | D:4      | Reached skill level 5 in Axes
  2428 | D:4      | Reached XP level 6. HP: 11/53 MP: 6/6
  3077 | D:4      | Found a staircase to the Ecumenical Temple.
  3154 | D:4      | Noticed Dowan
  3154 | D:4      | Noticed Duvessa
  3600 | D:4      | Killed Dowan
  3600 | D:4      | Reached skill level 5 in Fighting
  3600 | D:4      | Reached XP level 7. HP: 61/61 MP: 7/7
  3613 | D:4      | Slain by Duvessa

Levels and vault maps discovered:
D:1:      onia_arrival_zoo_common, layout_loops_ring, minmay_lizard_king
D:2:      layout_basic, hangedman_abyss_or_decor_lesser_grid
D:3:      layout_loops_ring, first_ration, uniq_robin, uniq_jessica
D:4:      wad_crossroads, layout_gridville, lemuel_round_altar,
          dancing_weapons_uskayaw, minmay_temple_entry_trees, uniq_duvessa,
          uniq_eustachio

Skill      XL: |  1  2  3  4  5  6 |
---------------+-------------------+-----
Axes           | 3 4 5 |  5.9
Fighting       | 4 5 |  5.0
Dodging        | 1 2 |  2.0
Armour         | 4 |  4.6
Shields        | 4 |  4.5

Action                   |  1- 3 |  4- 6 |  7- 9 || total
-------------------------+-------+-------+-------++-------
Melee: War axe           |   179 |   208 |    13 ||   400
Invok: Convert to Beogh  |       |     1 |       ||     1
  Use: Potion            |       |     1 |       ||     1
       Scroll            |       |    11 |       ||    11
  Eat: Chunk             |     1 |     8 |       ||     9
Armor: Scale mail        |    29 |       |       ||    29
       Chain mail        |    63 |   119 |     4 ||   186
Dodge: Dodged            |    32 |    50 |     3 ||    85
Block: Shield            |   100 |   112 |    10 ||   222
